 Dungeon Crawl Stone Soup version 0.31.0-11-ge490571c62 (webtiles) character file.

Game seed: 5924770965539329705

900 browni3141 the Fighter (level 8, 0/69 HPs)
             Began as a Barachi Monk on Feb 3, 2024.
             Was a Believer of Wu Jian.
             Slain by a gnoll sergeant
             ... wielding a +1 spear of venom
              (1 damage)
             ... on level 6 of the Dungeon.
             The game lasted 00:10:03 (959 turns).

browni3141 the Fighter (Barachi Monk)                Turns: 959, Time: 00:10:03

Health: 0/69       AC:  8    Str: 12    XL:     8   Next: 7%
Magic:  8/8        EV: 12    Int: 13    God:    Wu Jian [**....]
Gold:   124        SH:  0    Dex: 15    Spells: 7/7 levels left

rFire   + . .        k - +2 scimitar (freeze)
rCold   + . .        d - orb {light}
rNeg    . . .        e - +0 ring mail
rPois   +            (no helmet)
rElec   +            t - +0 cloak
rCorr   +            h - +0 pair of gloves
SInv    .            (no boots)
Will    .....        (no amulet)
Stlth   +            (no ring)
HPRegen 0.31/turn    (no ring)
MPRegen 0.11/turn

%: no passive effects
@: lethally poisoned (0 -> -4), about to teleport, resistant, weakened, unable
to hop, glowing, studying Fighting, slow
A: amphibious, slowness 1, strong legs 1, +LOS
a: Hop, Renounce Religion, Wall Jump


You were on level 6 of the Dungeon.
You worshipped Wu Jian.
Wu Jian was pleased with you.
You visited 2 branches of the dungeon, and saw 7 of its levels.

You collected 124 gold pieces.

Inventory:

Hand Weapons
 a - a +0 falchion
 k - a +2 scimitar of freezing (weapon)
 q - a +0 dagger of venom
Missiles
 j - 6 poisoned darts
Armour
 b - a +0 robe
 d - an orb of light (worn)
 e - a +0 ring mail (worn)
 h - a +0 pair of gloves (worn)
 t - a +0 cloak (worn)
Scrolls
 f - 3 scrolls of vulnerability
 i - a scroll of noise
 m - a scroll of blinking {unknown}
 n - a scroll of enchant armour {unknown}
 o - a scroll of fear {unknown}
 u - a scroll of enchant weapon {unknown}
Potions
 c - a potion of ambrosia
 p - 2 potions of enlightenment


   Skills:
 * Level 8.6 Fighting
 * Level 8.0 Long Blades
 + Level 3.9 Armour
 - Level 4.2 Dodging


You had 7 spell levels left.
You didn't know any spells.
Your spell library was empty.

Dungeon Overview and Level Annotations

Branches:
Dungeon (6/15)             Temple (1/1) D:5

Altars:
Ashenzari
Dithmenos
Gozag
Hepliaklqana
Makhleb
Nemelex Xobeh
Okawaru
Qazlal
Ru
Trog
Uskayaw
Wu Jian
Yredelemnul
Zin


Innate Abilities, Weirdness & Mutations

You are amphibious.
You cover ground slowly.
You can hop short distances.
You have an extended range of vision and can be seen from far away.


Message History

p - 2 potions of enlightenment (gained 1)
You open the door.
An orc warrior, an ice beast and a hound come into view.
The hound barks!
A gnoll bouda comes into view. It is wielding a +0 club.
A gnoll sergeant comes into view. It is wielding a +1 spear of venom.
The gnoll sergeant shouts!
The gnoll bouda shouts!
The hound misses you.
There is an open door here.
You hit the hound. You freeze the hound.
The hound is severely wounded.
The hound bites you but does no damage.
The gnoll bouda gazes fiercely through you!
You feel your attacks grow feeble. The hound closely misses you.
The gnoll bouda gazes fiercely through you!
You feel as though you will be weak longer.
You barely miss the hound.
The hound is severely wounded.
The hound bites you but does no damage.
The hound stops to sniff the ground.
The hound bites you but does no damage.
You hit the hound. You freeze the hound.
The hound is almost dead.
The hound bites you.
You hit the hound. You freeze the hound.
You kill the hound!
The Council accepts your kill.
Hop to where?
Press: ? - help, Dir - move target Boing!
The gnoll bouda barks out a call to the hunt!
The gnoll sergeant picks up the pace!
You open the door.
A kobold brigand comes into view.
It is wielding a +0 dagger and quivering poisoned darts.
The kobold brigand shouts!
You hear an angry growl.
A black bear comes into view.
Your attacks no longer feel as feeble.
The kobold brigand hits you with a +0 dagger!
There is an open door, spattered with blood here.
You hit the kobold brigand. You freeze the kobold brigand.
The kobold brigand is lightly wounded.
The kobold brigand hits you with a +0 dagger.
You slash the kobold brigand! You freeze the kobold brigand!
The kobold brigand is almost dead.
The kobold brigand misses you.
You hit the kobold brigand but do no damage.
The kobold brigand is almost dead.
The gnoll sergeant hits you from afar with a +1 spear of venom.
You are poisoned.
The orc warrior barely misses you.
The kobold brigand hits you with a +0 dagger.
You slash the kobold brigand! You freeze the kobold brigand.
You kill the kobold brigand!
The Council accepts your kill.
You feel very sick.
The gnoll sergeant hits you but does no damage.
You are more poisoned.
The orc warrior hits you with a +0 long sword!
Your Long Blades skill increases to level 8!
You have reached level 8!
You feel agile.
It was a potion of resistance.
You feel protected.
You feel very sick.
The gnoll sergeant hits you from afar with a +1 spear of venom!
The orc warrior hits you with a +0 long sword!
The black bear misses you. The black bear closely misses you.
The black bear claws you.
Okay, then.
You feel much better.
You feel sick.
The gnoll sergeant hits you from afar with a +1 spear of venom.
The orc warrior hits you with a +0 long sword!
The black bear completely misses you. The black bear misses you.
The black bear claws you but does no damage.
As you read the scroll of teleportation, it crumbles to dust.
You feel strangely unstable.
You feel very sick. The gnoll sergeant barely misses you.
The orc warrior hits you with a +0 long sword!
The black bear closely misses you. The black bear claws you.
The black bear barely misses you.
Unknown command.
You spin and attack the orc warrior.
You slash the orc warrior! You freeze the orc warrior.
The orc warrior is heavily wounded.
You feel sick. The gnoll sergeant closely misses you.
The orc warrior hits you but does no damage.
You spin and attack the orc warrior repeatedly.
You hit the orc warrior but do no damage.
The orc warrior is heavily wounded.
You hit the orc warrior. You freeze the orc warrior.
The orc warrior is severely wounded.
You feel sick.
The gnoll sergeant hits you from afar with a +1 spear of venom.
The orc warrior barely misses you.
The gnoll bouda gazes fiercely through you!
You feel your attacks grow feeble.
The gnoll sergeant hits you from afar with a +1 spear of venom.
You die...

#.....'......
#.....#......
###.....##'####
#####.........)))..#
#...#......#####....
#...#...##+#(??#)##.
#.....### #...#..##
#....##.# #.).#..#.
#..@h')?# #...#..#.
##..go##.# #...#..#.
#[...gY### #...#..##
#........####.Yg####.
#...........##†##....
#######.....Y.^......
#######......##
########


You could see an orc warrior, a black bear, an ice beast, a gnoll sergeant
(swift) and a gnoll bouda.

Vanquished Creatures
  A water moccasin (D:6)
  An ice beast (D:6)
  2 ogres
  A kobold brigand (D:6)
  A phantom (D:4)
  A scorpion (D:5)
  A wight (D:6)
  3 hounds
  A jelly (D:5)
  2 orc wizards
  3 gnolls (D:6)
  4 adders
  2 dart slugs
  A ribbon worm (D:3)
  2 orcs (D:4)
  A ball python (D:1)
  2 endoplasms
  3 giant cockroaches
  2 goblins
  2 hobgoblins
  10 jackals
  A quokka (D:2)
  3 bats
  A frilled lizard (D:1)
  3 kobolds
  2 rats (D:1)
56 creatures vanquished.

Notes
Turn   | Place    | Note
-------+----------+-------------------------------------------
     0 | D:1      | browni3141 the Barachi Monk began the quest for the Orb.
     0 | D:1      | Reached XP level 1. HP: 18/18 MP: 1/1
   116 | D:1      | Reached XP level 2. HP: 25/25 MP: 2/2
   250 | D:2      | Found an ornate altar of the Wu Jian Council.
   256 | D:2      | Reached XP level 3. HP: 23/30 MP: 3/3
   451 | D:3      | Found a faded altar of an unknown god.
   488 | D:4      | Reached XP level 4. HP: 37/37 MP: 4/4
   544 | D:4      | Noticed a phantom
   561 | D:4      | Reached skill level 5 in Long Blades
   564 | D:4      | Reached skill level 1 in Armour
   568 | D:4      | Killed a phantom
   569 | D:4      | Reached XP level 5. HP: 15/43 MP: 5/5
   647 | D:4      | Reached XP level 6. HP: 34/50 MP: 6/6
   658 | D:5      | Entered Level 5 of the Dungeon
   658 | D:5      | Found a stormy altar of Qazlal.
   666 | D:5      | Found a staircase to the Ecumenical Temple.
   672 | D:5      | Reached skill level 5 in Fighting
   675 | D:5      | Identified a scroll of acquirement
   678 | D:5      | Acquired a manual of Fighting
   694 | Temple   | Entered the Ecumenical Temple
   734 | Temple   | Became a worshipper of the Wu Jian Council
   734 | Temple   | Reached * piety under Wu Jian
   734 | Temple   | Reached ** piety under Wu Jian
   816 | D:6      | Noticed an ice beast
   829 | D:6      | Killed an ice beast
   830 | D:6      | Reached XP level 7. HP: 41/59 MP: 7/7
   955 | D:6      | Reached XP level 8. HP: 34/69 MP: 8/8
   958 | D:6      | HP: 3/69 [poisoned by a gnoll sergeant]
   959 | D:6      | HP: 1/69 [gnoll sergeant/+1 spear of venom (2)]
   959 | D:6      | Slain by a gnoll sergeant

Illustrated notes

Levels and vault maps discovered:
D:1:      erik_arrival_triangle_medium, layout_basic, serial_aquarium,
          aquarium_bridge_long_joined [aquarium_subvault_wall,
          aquarium_subvault_balcony, aquarium_subvault_bridge,
          aquarium_subvault_balcony, aquarium_subvault_window,
          aquarium_subvault_window], aquarium_bridge_square
          [aquarium_subvault_window, aquarium_subvault_wall,
          aquarium_subvault_bridge, aquarium_subvault_wall], aquarium_window_1,
          aquarium_window_fake, aquarium_view_2g, aquarium_view_2f,
          aquarium_balcony_1b, minmay_quantized
D:2:      layout_basic, basic_altar
D:3:      layout_basic, mainiacjoe_overflow_paths, serial_shops, shop,
          basic_ecumenical_altar, uniq_jessica, uniq_robin
D:4:      layout_rooms, corexii_corridor_pit
D:5:      layout_cave_pools, xom_confusion_cloud,
          nicolae_qazlal_eye_of_the_storm, minitemple,
          minmay_temple_entry_offerings, minmay_mini_ossuary, uniq_grinder
D:6:      minmay_flawed_box, layout_gridville, minmay_divided_ellipse
Temple:   dshaligram_water_room_temple

Skill      XL: |  1  2  3  4  5  6  7 |
---------------+----------------------+-----
Long Blades    | 4 5 7 8 |  8.0
Fighting       | 4 6 8 |  8.6
Dodging        | 4 |  4.2
Armour         | 1 2 3 |  3.9

Action                     |  1- 3 |  4- 6 |  7- 9 || total
---------------------------+-------+-------+-------++-------
  Melee: Falchion          |    40 |       |       ||    40
         Scimitar          |    16 |    63 |    32 ||   111
Ability: Hop               |     2 |     2 |     1 ||     5
         Whirlwind         |       |     3 |     2 ||     5
         Lunge             |       |     2 |     3 ||     5
    Use: Scroll            |       |     5 |     1 ||     6
         Potion            |       |     2 |     3 ||     5
 Armour: Ring mail         |    36 |    31 |    29 ||    96
         Robe              |     1 |       |       ||     1
  Dodge: Dodged            |    37 |    37 |    23 ||    97
